 Dungeon Crawl Stone Soup version 0.22-a0-812-g4c1e2d5471 (webtiles) character file.

193 Bergy the Cudgeler (level 5, -1/32 HPs)
             Began as a Gargoyle Fighter on July 23, 2018.
             Slain by an ogre
             ... wielding a +0 giant club
              (10 damage)
             ... on level 4 of the Dungeon.
             The game lasted 00:11:17 (2361 turns).

Bergy the Cudgeler (Gargoyle Fighter)               Turns: 2361, Time: 00:11:17

Health: -1/32      AC: 12    Str: 21    XL:     5   Next: 72%
Magic:  5/5        EV:  7    Int:  8    God:
Gold:   138        SH: 10    Dex:  9    Spells: 4/4 levels left

rFire    . . .     SeeInvis .   a - +0 flail
rCold    . . .     Gourm    .   c - +1 shield
rNeg     + . .     Faith    .   b - +0 scale mail
rPois    ∞         Spirit   .   (no helmet)
rElec    +         Reflect  .   q - +0 cloak (curse)
rCorr    .         Harm     .   (no gloves)
MR       .....                  (no boots)
Stlth    ..........             (no amulet)
HPRegen  0.10/turn              (no ring)
MPRegen  0.09/turn              (no ring)

@: no status effects
A: negative energy resistance 1, electricity resistance, unbreathing,
petrification resistance, rot immunity, AC +4
a: no special abilities


You were on level 4 of the Dungeon.
You were not hungry.

You visited 1 branch of the dungeon, and saw 4 of its levels.

You collected 138 gold pieces.

Inventory:

Hand Weapons
 a - a +0 flail (weapon)
 g - a +2 hunting sling of velocity
Missiles
 l - 3 javelins (quivered)
Armour
 b - a +0 scale mail (worn)
 c - a +1 shield (worn)
 q - a cursed +0 cloak (worn)
Wands
 p - a wand of disintegration (10)
Scrolls
 e - a scroll of teleportation
 h - a scroll of blinking {unknown}
 k - a scroll of fog {unknown}
 m - 3 scrolls of identify {unknown}
 o - a scroll of immolation {unknown}
Potions
 d - 2 potions of might
 i - 2 potions of invisibility {unknown}
 j - 3 potions of curing {unknown}
 r - a potion of agility {unknown}
 s - a potion of heal wounds {unknown}
Comestibles
 f - 5 rations


   Skills:
 - Level 3.4 Fighting
 + Level 5.5 Maces & Flails
 - Level 3.4 Armour
 - Level 3.4 Shields


You had 4 spell levels left.
You didn't know any spells.
Your spell library contained the following spells:

 Spells                   Type           Power        Failure   Level  Hunger
 Confuse                  Hex            #.......     100%        3    ####...
 Confusing Touch          Hex            #.....       99%         1    ##.....
 Metabolic Englaciation   Hex/Ice        #.........   100%        5    ######.
 Petrify                  Tmut/Erth      #.......     100%        4    #####..
 Gell's Gravitas          Tloc           #.........   100%        3    ####...
 Yara's Violent Unravell  Hex/Tmut       #.........   100%        5    ######.


Dungeon Overview and Level Annotations

Branches:
Dungeon (4/15)
 Temple: D:4-7

Altars:
Ashenzari
Elyvilon
Nemelex Xobeh
Trog
Uskayaw
Wu Jian
Xom
Zin

Annotations:
D:2 Natasha


Innate Abilities, Weirdness & Mutations

You are resistant to torment.
Your stone body is resilient. (AC +4)
You are immune to poison.
You resist negative energy. (rN+)
You are resistant to electric shocks. (rElec)
You can survive without breathing.
You are immune to petrification.
You are immune to rotting.


Message History

The orc barely misses you. x2; You block the worker ant's attack.
You hit the orc.
You kill the orc!
The orc hits you but does no damage. You block the worker ant's attack. x2
Aiming: Disintegrate
Press: ? - help, Shift-Dir - straight line, f - worker ant
Aim: a worker ant (chance to defeat MR: 73%)
The worker ant is blasted.
The orc completely misses you. The ogre barely misses you.
The worker ant bites you but does no damage.
You hit the worker ant.
You kill the worker ant!
The orc hits you with a club.
* * * LOW HITPOINT WARNING * * *
You block the ogre's attack.
You sock the orc!
You kill the orc!
You block the leopard gecko skeleton's attack.
The ogre hits you with a giant club!
You die...

... #..# ..... ...
#..####..#
...###........#
..............#
.#.##.#.......#
#.#.......# ..........#
. .#.#.......#######...
..#.#.#.#.....@Z......
.. ............)O......
..............#######.#.
....#.#...# .#..#.......
#. ###..#### #..# #...
....


You could see an ogre and a leopard gecko skeleton.

Vanquished Creatures
  2 worker ants (D:4)
  4 adders
  A gnoll (D:3)
  An ooze (D:2)
  4 worms
  A dart slug (D:3)
  3 leopard geckos
  7 orcs
  A ball python (D:2)
  A giant cockroach (D:1)
  5 goblins
  4 hobgoblins
  10 jackals
  7 kobolds
  A quokka (D:3)
  6 bats
  7 frilled lizards
  A quokka skeleton (D:3)
  10 rats
76 creatures vanquished.

Notes
Turn   | Place    | Note
-------+----------+-------------------------------------------
     0 | D:1      | Bergy the Gargoyle Fighter began the quest for the Orb.
     0 | D:1      | Reached XP level 1. HP: 14/14 MP: 1/1
    91 | D:1      | Reached XP level 2. HP: 19/19 MP: 2/2
   430 | D:2      | Noticed Natasha
   534 | D:2      | Found a white marble altar of Elyvilon.
   542 | D:2      | Reached skill level 3 in Maces & Flails
   542 | D:2      | Reached XP level 3. HP: 23/23 MP: 3/3
   733 | D:2      | Found a hide-covered altar of Uskayaw.
   963 | D:3      | Reached XP level 4. HP: 26/28 MP: 4/4
   977 | D:3      | Reached skill level 4 in Maces & Flails
   997 | D:3      | Found a shimmering altar of Xom.
  1255 | D:3      | Found a bloodstained altar of Trog.
  1640 | D:3      | Found a shattered altar of Ashenzari.
  1645 | D:3      | Reached XP level 5. HP: 32/32 MP: 5/5
  2015 | D:3      | Found a glowing silver altar of Zin.
  2018 | D:3      | Found a sparkling altar of Nemelex Xobeh.
  2024 | D:3      | Found an ornate altar of the Wu Jian Council.
  2221 | D:4      | Noticed an ogre
  2339 | D:4      | Noticed an ogre
  2346 | D:4      | Reached skill level 5 in Maces & Flails
  2361 | D:4      | Slain by an ogre

Vault maps used:
D:1:      lemuel_arrival_rhombus
D:2:      old_standard_altar, old_standard_altar, first_ration, uniq_natasha
D:3:      tgw_xom, nicolae_overflow_crystal_walls,
          grunt_temple_overflow_diamond, trog_butcher_becter
D:4:      portal_sewer_entry_f, hangedman_abyss_or_decor_lesser_grid

Skill      XL: |  1  2  3  4  5 |
---------------+----------------+-----
Maces & Flails | 3 4 5 |  5.5
Fighting       | |  3.4
Armour         | |  3.4
Shields        | |  3.4

Action                   |  1- 3 |  4- 6 || total
-------------------------+-------+-------++-------
Melee: Flail             |   143 |   203 ||   346
Evoke: Wand              |       |     2 ||     2
  Use: Scroll            |     2 |     1 ||     3
  Eat: Chunk             |       |     4 ||     4
       Ration            |       |     1 ||     1
Armor: Scale mail        |   108 |   132 ||   240
Dodge: Dodged            |    48 |    97 ||   145
Block: Shield            |    98 |   156 ||   254

Table legend:
 A = Spawn XP
 B = Non-spawn XP
 C = Spawn XP percentage of total XP
 D = Spawn monster count
 E = Non-spawn monster count
 F = Spawn count percentage of total count
 G = Total turns spent on level
                    A         B        C        D         E        F      G
               +---------+---------+-------+---------+---------+-------+---------
         Total |       0 |     277 |   0.0 |       0 |      76 |   0.0 |  2361
               +---------+---------+-------+---------+---------+-------+---------
           D:1 |       0 |      31 |   0.0 |       0 |      12 |   0.0 |   518
           D:2 |       0 |      49 |   0.0 |       0 |      20 |   0.0 |   402
           D:3 |       0 |     113 |   0.0 |       0 |      36 |   0.0 |  1246
           D:4 |       0 |      84 |   0.0 |       0 |       8 |   0.0 |   195
               +---------+---------+-------+---------+---------+-------+---------
